 Dungeon Crawl Stone Soup version 0.28.0-1-gb440e238dd (webtiles) character file.

Game seed: 11669562496683193206

49275 issech the Spear-Bearer (level 14, -1/129 HPs)
             Began as a Troll Monk on Feb 23, 2022.
             Was a High Priest of Hepliaklqana.
             Killed by divine providence
             ... invoked by a meliai
              (14 damage)
             ... on level 15 of the Dungeon.
             The game lasted 01:44:13 (17397 turns).

issech the Spear-Bearer (Troll Monk)               Turns: 17397, Time: 01:44:14

Health: -1/129     AC: 14    Str: 17    XL:     14   Next: 15%
Magic:  13/13      EV: 21    Int:  6    God:    Hepliaklqana [*****.]
Gold:   805        SH: 15    Dex: 24    Spells: 13/13 levels left

rFire   + + .      SeeInvis .   o - +9 spear "Nagash" {protect, Str-5 Dex+8}
rCold   + + .      Faith    .   Y - +2 shield of Resistance {rF++ rC++ Will++}
rNeg    . . .      Spirit   .   I - +0 steam dragon scales
rPois   .          Reflect  .   (helmet restricted)
rElec   .          Harm     .   d - scarf {shadows}
rCorr   .          Rampage  .   (gloves unavailable)
Will    +++..                   (boots unavailable)
Stlth   +++.......              r - amulet of regeneration
HPRegen 1.91/turn               D - +4 ring of evasion
MPRegen 0.13/turn               E - +4 ring of slaying

@: lethally poisoned (-1 -> -7), marked, under a protective aura, studying
Fighting
A: reduced essence, large, unfitting armour, claws 3, regeneration 1, shaggy fur
1, tough skin 1
a: Renounce Religion, Recall Ancestor, Ancestor Identity, Transference, Idealise


You were on level 15 of the Dungeon.
You worshipped Hepliaklqana.
Hepliaklqana was extremely pleased with you.
You visited 3 branches of the dungeon, and saw 18 of its levels.
You also visited: Bailey.

You collected 2139 gold pieces.
You spent 1334 gold pieces at shops.

Inventory:

Hand Weapons
 n - a +0 hunting sling of freezing
 o - the +9 spear "Nagash" (weapon) {protect, Str-5 Dex+8}
   (You found it on level 2 of the Dungeon)

   It grants its wielder temporary protection when it strikes (+7 to AC).
   Str:       It affects your strength (-5).
   Dex:       It affects your dexterity (+8).
 x - a +4 longbow
 C - a +8 giant club of flaming
 O - a +1 eveningstar of draining
 X - the +1 great mace "Muahumot" {flame, +Blink rPois}
   (You took it off a two-headed ogre on level 13 of the Dungeon)

   It burns those it strikes, dealing additional fire damage.
   rPois:     It protects you from poison.
   +Blink:    It lets you blink.
Missiles
 c - 272 arrows
 g - 345 stones
 i - 110 bolts
 l - 20 poisoned darts
 p - 68 sling bullets
 t - 7 curare-tipped darts
 u - 2 throwing nets
 z - 24 boomerangs
 B - 3 datura-tipped darts
 N - 15 large rocks (quivered)
 S - 2 boomerangs of dispersal
Armour
 d - a scarf of shadows (worn)
 I - +0 steam dragon scales (worn)
 P - a +2 robe of fire resistance
 U - a +2 tower shield of resistance
 W - a +0 cloak
 Y - the +2 shield of Resistance (worn) {rF++ rC++ Will++}
   (You bought it in a shop on level 2 of the Orcish Mines)

   rF:        It greatly protects you from fire.
   rC:        It greatly protects you from cold.
   Will:      It greatly increases your willpower.
Magical Staves
 R - a staff of earth
Jewellery
 a - a ring of poison resistance
 e - a +6 ring of intelligence
 q - an amulet of reflection
 r - an amulet of regeneration (around neck)
 A - a ring of willpower
 D - a +4 ring of evasion (left claw)
 E - a +4 ring of slaying (right claw)
 H - a ring of ice
 Q - the ring "Muic" {rPois rN+++ Will- Int+4 Dex+6}
   (You found it on level 13 of the Dungeon)

   [ring of dexterity]

   Int:       It affects your intelligence (+4).
   Dex:       It affects your dexterity (+6).
   rPois:     It protects you from poison.
   rN:        It renders you almost immune to negative energy.
   Will:      It decreases your willpower.
 Z - a ring of wizardry
Wands
 w - a wand of flame (24)
 M - a wand of mindburst (23)
 T - a wand of polymorph (3)
Scrolls
 f - 2 scrolls of identify
 h - 7 scrolls of teleportation
 j - a scroll of fog
 m - 2 scrolls of blinking
 s - a scroll of silence
 y - 2 scrolls of summoning
 J - 2 scrolls of enchant armour
 V - 4 scrolls of enchant weapon
Potions
 b - 2 potions of mutation
 k - 4 potions of curing
 v - a potion of haste
 F - 3 potions of might
 G - a potion of heal wounds
 K - a potion of invisibility
 L - a potion of lignification


   Skills:
 + Level 10.9 Fighting
 + Level 4.1 Maces & Flails
 + Level 11.3 Polearms
 + Level 1.8(2.2) Slings
 + Level 2.5(3.0) Throwing
 + Level 10.0 Dodging
 + Level 5.1 Stealth
 + Level 10.5 Shields


You had 13 spell levels left.
You didn't know any spells.
Your spell library contained the following spells:

 Spells                   Type           Power      Damage    Failure   Level
 Magic Dart               Conj           0%         1d3       65%         1
 Slow                     Hex            0%         N/A       65%         1
 Call Imp                 Summ           0%         N/A       80%         2
 Corpse Rot               Necr/Air       0%         N/A       80%         2
 Poisonous Vapours        Pois/Air       0%         N/A       80%         2
 Confusing Touch          Hex            0%         N/A       95%         3
 Gell's Gravitas          Tloc           0%         N/A       95%         3
 Lesser Beckoning         Tloc           0%         N/A       95%         3
 Mephitic Cloud           Conj/Pois/Air  0%         N/A       95%         3
 Teleport Other           Tloc           0%         N/A       95%         3
 Vampiric Draining        Necr           0%         2d6       95%         3
 Cause Fear               Hex            0%         N/A       100%        4
 Dragon Form              Tmut           0%         N/A       100%        7
 Dragon's Call            Summ           0%         N/A       100%        9


Dungeon Overview and Level Annotations

Branches:
Dungeon (15/15)            Temple (1/1) D:7            Lair (0/6) D:11
    Orc (2/2) D:10            Elf (0/3) Orc:2        Bailey (visited)
 Vaults: D:13-14     Depths: D:15

Altars:
Ashenzari
Cheibriados
Dithmenos
Elyvilon
Fedhas
Gozag
Hepliaklqana
Kikubaaqudgha
Makhleb
Nemelex Xobeh
Okawaru
Qazlal
Ru
Sif Muna
Trog
Uskayaw
Vehumet
Wu Jian
Xom
Yredelemnul
Zin
The Shining One
Beogh

Shops:
D:7 (   Orc:2 ?[**


Innate Abilities, Weirdness & Mutations

Your life essence is reduced to manifest your ancestor. (-10% HP)
You are too large for most types of armour.
You have claws for hands.
Your natural rate of healing is unusually fast.
You are covered in fur. (AC +1)
You have tough skin. (AC +1)


Message History

The meliai is heavily wounded.
The meliai hits you but does no damage.
The meliai stings you but does no damage.
The meliai completely misses you. You block the meliai's attack. x3
A boulder beetle comes into view.
You puncture the meliai!
The meliai is almost dead.
The meliai hits you but does no damage. The meliai stings you.
You are poisoned.
The meliai poisons you!
The meliai mumbles some strange prayers to its god against you.
Something smites you! You block the meliai's attack.
The meliai closely misses you.
The meliai invokes the aid of its god against you.
Something smites you!
* * * LOW HITPOINT WARNING * * *
You feel very sick. You block the meliai's attack. The meliai stings you.
* * * LOW HITPOINT WARNING * * *
The meliai calls upon its god to heal the meliai.
The meliai is healed somewhat.
The meliai hits you with a +0 hand axe.
* * * LOW HITPOINT WARNING * * *
The meliai completely misses you. You block the meliai's attack.
The meliai stings you!
* * * LOW HITPOINT WARNING * * *
You are more poisoned.
The meliai poisons you! You block the meliai's attack. x2
You feel extremely sick.
The meliai calls upon its god to heal the meliai.
The meliai is healed somewhat.
The boulder beetle curls into a ball and begins rolling!
The meliai misses you. You block the meliai's attack.
The meliai calls upon its god to heal the meliai.
The meliai is healed somewhat.
You feel very sick. You block the meliai's attack.
The meliai stings you but does no damage.
The meliai calls down the wrath of its god upon you.
Something smites you!
You die...

.............
#.......#.##
#.!.........
##.........#
.○B......#.#
#.......#..#
#.........#
#....yyy..#
......@..##
........##
.....[=##
......†.#######
......#.......##
......#######..#
...... ##.# #
...... #.## .#
...... #.)# .#


You could see a boulder beetle (rolling) and 3 meliai.

Vanquished Creatures
  Kirke (D:12)
  The ghost of Gasan the Dealer of Despair, a journeyman DrFE of Kikubaaqudgha (D:13)
  Louise (D:14)
  2 hydras (D:13)
  A centaur warrior (D:10)
  7 two-headed ogres
  A tengu warrior (D:14)
  An orc high priest (Orc:2)
  Sonja (D:10)
  Nergalle (D:12)
  6 orc knights
  Pikel (D:8)
  A deep elf pyromancer (D:9)
  An orc sorcerer (Orc:2)
  A manticore (D:14)
  2 cyclopes
  4 ugly things (D:15)
  A kobold demonologist (D:12)
  A freezing wraith (D:15)
  5 ice devils (D:8)
  A komodo dragon (D:11)
  4 trolls
  A meliai zombie (D:11)
  3 slime creatures (D:12)
  A spriggan (shapeshifter) (D:15)
  A wraith (D:12)
  13 yaks
  A hog (D:12)
  2 wyverns
  3 steam dragons
  5 vampire mosquitoes
  An acid dragon (D:11)
  2 water moccasins
  21 orc warriors
  An ice beast (D:7)
  A sky beast (D:6)
  2 necrophages (D:6)
  7 ogres
  4 centaurs
  2 lemures (D:8)
  A phantom (D:6)
  4 bullfrogs
  2 kobold brigands
  A water moccasin zombie (D:6)
  3 scorpions
  5 killer bees
  4 howler monkeys
  4 wights
  3 crimson imps (D:12)
  2 centaur zombies
  A hound (D:6)
  8 orc priests
  Jessica (D:3)
  Terence (D:3)
  12 orc wizards
  Ijyb (D:3)
  Natasha (thrice) (D:3)
  Robin (D:2)
  A howler monkey zombie (D:6)
  A gnoll (D:9)
  2 adders
  A white imp (D:12)
  6 ufetubi (D:8)
  3 worms
  4 dart slugs
  67 orcs
  9 endoplasms
  5 giant cockroaches
  9 goblins
  6 hobgoblins
  3 jackals (D:3)
  3 quokkas
  A ball python (D:3)
  7 bats
  6 frilled lizards
  9 kobolds
  6 rats
322 creatures vanquished.

Vanquished Creatures (collateral kills)
  3 boulder beetles
  A tengu warrior (D:14)
  2 centaur warriors
  2 two-headed ogres
  Urug (D:12)
  2 orc high priests (Orc:2)
  3 orc knights
  A deep elf pyromancer (D:13)
  3 orc sorcerers (Orc:2)
  An ugly thing (D:12)
  A cyclops (D:11)
  Maurice (D:8)
  4 centaur zombies
  An ice statue (D:8)
  A kobold demonologist (D:12)
  A komodo dragon (D:11)
  2 unseen horrors
  An ice devil (D:8)
  3 trolls
  A meliai zombie (D:10)
  2 slime creatures (D:12)
  2 wraiths
  11 yaks
  2 hogs (D:12)
  A vampire mosquito (D:13)
  A warg (Orc:2)
  13 orc warriors
  An ice beast (D:8)
  An ogre (Orc:2)
  3 bullfrogs
  A gnoll sergeant (D:9)
  A scorpion (D:11)
  A killer bee (D:9)
  3 wights
  A crimson imp (D:12)
  2 orc priests (Orc:2)
  6 orc wizards
  A howler monkey zombie (D:9)
  2 gnolls (D:9)
  A shadow imp (D:12)
  3 white imps (D:12)
  31 orcs
  4 goblins (D:8)
  2 kobolds (D:9)
131 creatures vanquished.

Vanquished Creatures (others)
  An orc priest (Orc:2)
  23 battlemagi
  A kobold (D:9)
  4 fungi (D:11)
  3 plants (D:11)
32 creatures vanquished.

Grand Total: 485 creatures vanquished

Notes
Turn   | Place    | Note
-------+----------+-------------------------------------------
     0 | D:1      | issech the Troll Monk began the quest for the Orb.
     0 | D:1      | Reached XP level 1. HP: 22/22 MP: 0/0
    41 | D:1      | Found a faded altar of an unknown god.
   122 | D:1      | Reached XP level 2. HP: 12/29 MP: 1/1
   247 | D:1      | You fall into a shaft and drop 1 floor!
   912 | D:2      | Reached XP level 3. HP: 36/36 MP: 2/2
  1064 | D:2      | Identified the +9 spear "Nagash" {protect, Str-5 Dex+8}
  1165 | D:2      | Noticed Robin
  1171 | D:2      | Killed Robin
  1261 | D:2      | Reached XP level 4. HP: 44/44 MP: 3/3
  1529 | D:2      | Identified a scroll of acquirement
  1530 | D:2      | Acquired a manual of Fighting
  1724 | D:3      | Noticed Jessica
  1743 | D:3      | Killed Jessica
  1913 | D:3      | Noticed Natasha
  1923 | D:3      | Killed Natasha
  1924 | D:3      | Reached skill level 1 in Polearms
  1924 | D:3      | Reached XP level 5. HP: 45/53 MP: 4/4
  1965 | D:3      | Noticed Terence
  1978 | D:3      | Killed Terence
  1978 | D:3      | Noticed Natasha
  1986 | D:3      | Killed Natasha
  2131 | D:3      | Noticed Natasha
  2139 | D:3      | Killed Natasha
  2187 | D:3      | Noticed Ijyb
  2204 | D:3      | Killed Ijyb
  2205 | D:3      | Reached skill level 2 in Polearms
  3074 | D:4      | Reached XP level 6. HP: 61/61 MP: 5/5
  3368 | D:5      | Entered Level 5 of the Dungeon
  3389 | D:5      | Noticed a water moccasin
  3412 | D:5      | Killed a water moccasin
  3452 | D:5      | Reached skill level 3 in Polearms
  3894 | D:5      | Reached XP level 7. HP: 47/68 MP: 6/6
  3905 | D:5      | Found a sacrificial altar of Ru.
  4538 | D:6      | Noticed a steam dragon
  4540 | D:6      | Reached skill level 4 in Polearms
  4562 | D:6      | Killed a steam dragon
  4645 | D:6      | Reached XP level 8. HP: 69/79 MP: 7/7
  4716 | D:6      | Reached skill level 5 in Fighting
  4720 | D:6      | Reached skill level 5 in Polearms
  5087 | D:7      | Found Tirhomam's Antique Weapon Emporium.
  5116 | D:7      | Bought a glowing morningstar for 175 gold pieces
  5296 | D:7      | Reached skill level 6 in Polearms
  5829 | D:7      | Reached skill level 1 in Shields
  5829 | D:7      | Reached XP level 9. HP: 89/89 MP: 8/8
  5865 | D:7      | Reached skill level 5 in Dodging
  5889 | D:7      | Found a staircase to the Ecumenical Temple.
  5929 | Temple   | Entered the Ecumenical Temple
  6092 | Temple   | Became a worshipper of Hepliaklqana the Forgotten
  6092 | Temple   | Reached * piety under Hepliaklqana
  6092 | Temple   | Reached ** piety under Hepliaklqana
  6093 | Temple   | Remembered your ancestor Cuetlachtli as a battlemage
  6237 | D:8      | Noticed an ice devil
  6240 | D:8      | Noticed an ice statue
  6241 | D:8      | Noticed an ice devil
  6242 | D:8      | Noticed an ice devil
  6247 | D:8      | Noticed an ice devil
  6255 | D:8      | Found an iron altar of Okawaru.
  6321 | D:8      | Noticed an ice devil
  6326 | D:8      | Noticed an ice devil
  6357 | D:8      | Noticed Maurice
  6358 | D:8      | Noticed Pikel
  6394 | D:8      | Found a flagged portal.
  6403 | Bailey   | Entered a bailey
  6586 | Bailey   | Noticed an orc knight
  6586 | Bailey   | Noticed an orc knight
  6586 | Bailey   | Noticed an orc knight
  6690 | Bailey   | Killed an orc knight
  6691 | Bailey   | Reached skill level 7 in Polearms
  6832 | Bailey   | Identified the +1 plate armour "Xenatsig" {Fly rN++ Str+3
                  | Int+2}
  6840 | Bailey   | Killed an orc knight
  6841 | Bailey   | Reached skill level 1 in Throwing
  6843 | Bailey   | Reached XP level 10. HP: 37/90 MP: 9/9
  6909 | Bailey   | Killed an orc knight
  7166 | D:8      | Killed Pikel
  7344 | D:8      | Found a sparkling altar of Nemelex Xobeh.
  7361 | D:8      | Noticed a two-headed ogre
  7373 | D:8      | Killed a two-headed ogre
  7374 | D:8      | Reached skill level 8 in Polearms
  7553 | D:8      | Killed Maurice
  8114 | D:8      | Reached XP level 11. HP: 95/99 MP: 10/10
  8196 | D:8      | Reached skill level 1 in Slings
  8196 | D:8      | Reached skill level 5 in Shields
  8815 | D:9      | Noticed a boulder beetle
  8817 | D:9      | Noticed a deep elf pyromancer
  8975 | D:9      | Killed a deep elf pyromancer
  9035 | D:9      | Killed a boulder beetle
  9068 | D:9      | Reached *** piety under Hepliaklqana
  9206 | D:9      | Reached skill level 9 in Polearms
  9319 | D:10     | Entered Level 10 of the Dungeon
  9340 | D:10     | Found a stormy altar of Qazlal.
  9341 | D:10     | Noticed a two-headed ogre
  9349 | D:10     | Killed a two-headed ogre
  9449 | D:10     | Found a shadowy altar of Dithmenos.
  9583 | D:10     | Found a broken altar of Ashenzari.
  9646 | D:10     | Found a staircase to the Orcish Mines.
  9727 | D:10     | Noticed Sonja
  9742 | D:10     | Killed Sonja
  9808 | D:10     | Noticed a centaur warrior
  9818 | D:10     | Killed a centaur warrior
  9819 | D:10     | Reached XP level 12. HP: 109/109 MP: 11/11
 10497 | D:11     | Noticed a two-headed ogre
 10519 | D:11     | Killed a two-headed ogre
 10598 | D:11     | Reached **** piety under Hepliaklqana
 10666 | D:11     | Noticed a boulder beetle
 10674 | D:11     | Killed a boulder beetle
 10675 | D:11     | Reached skill level 10 in Polearms
 10820 | D:11     | Found a staircase to the Lair.
 11159 | Orc:1    | Entered Level 1 of the Orcish Mines
 11355 | Orc:2    | Entered Level 2 of the Orcish Mines
 11359 | Orc:2    | Found a staircase to the Elven Halls.
 11531 | Orc:2    | Paralysed by an orc sorcerer for 6 turns
 11628 | Orc:2    | Paralysed by an orc sorcerer for 6 turns
 12670 | Orc:2    | Noticed an orc high priest
 12679 | Orc:2    | Noticed an orc high priest
 12685 | Orc:2    | Noticed an orc high priest
 12858 | Orc:2    | Killed an orc high priest
 12859 | Orc:2    | Reached XP level 13. HP: 114/119 MP: 12/12
 12904 | Orc:2    | Paralysed by an orc sorcerer for 5 turns
 12907 | Orc:2    | Reached skill level 10 in Fighting
 13209 | Orc:2    | Found Puamor's Magic Scroll Shop.
 13209 | Orc:2    | Found Laomizi's Armour Shoppe.
 13211 | Orc:2    | Found Regumit's General Store.
 13211 | Orc:2    | Found Estra's Assorted Antiques.
 13233 | Orc:2    | Bought the +2 shield of Resistance {rF++ rC++ Will++} for
                  | 908 gold pieces
 13233 | Orc:2    | Found the +2 shield of Resistance {rF++ rC++ Will++}
 13263 | Orc:2    | Bought a cyan potion for 27 gold pieces
 13263 | Orc:2    | Bought a puce potion for 27 gold pieces
 13263 | Orc:2    | Bought a metallic black potion for 27 gold pieces
 13273 | Orc:2    | Bought a scroll of identify for 22 gold pieces
 13273 | Orc:2    | Bought a scroll of identify for 22 gold pieces
 13273 | Orc:2    | Bought a scroll of identify for 22 gold pieces
 13273 | Orc:2    | Bought a scroll of identify for 22 gold pieces
 13273 | Orc:2    | Bought a scroll of enchant armour for 82 gold pieces
 14116 | D:12     | Noticed Nergalle
 14129 | D:12     | Killed Nergalle
 14374 | D:12     | Noticed Kirke
 14387 | D:12     | Killed Kirke
 14663 | D:12     | Noticed Urug
 14677 | D:12     | Killed Urug
 15271 | D:13     | Found a transporter.
 15274 | D:13     | Found a transporter.
 15274 | D:13     | Noticed Gasan's ghost (journeyman DrFE)
 15293 | D:13     | Identified the +1 great mace "Muahumot" {flame, +Blink
                  | rPois}
 15608 | D:13     | Reached skill level 11 in Polearms
 15745 | D:13     | Reached skill level 10 in Shields
 15891 | D:13     | Identified the ring "Muic" {rPois rN+++ Will- Int+4 Dex+6}
 16049 | D:13     | HP: 5/121 [poisoned by Gasan's ghost (dark miasma)]
 16050 | D:13     | HP: 2/121 [poisoned by Gasan's ghost (dark miasma)]
 16126 | D:13     | Killed Gasan's ghost
 16127 | D:13     | Reached skill level 5 in Stealth
 16367 | D:14     | Reached ***** piety under Hepliaklqana
 16567 | D:14     | Reached XP level 14. HP: 124/129 MP: 13/13
 16978 | D:14     | Noticed Louise
 17029 | D:14     | Killed Louise
 17257 | D:15     | Entered Level 15 of the Dungeon
 17362 | D:15     | Reached skill level 10 in Dodging
 17397 | D:15     | Killed from afar by a meliai

Illustrated notes

Levels and vault maps discovered:
D:1:      dpeg_arrival_rooms_a, layout_loops_ring,
          shapermc_ecumenical_altar_acropolis, st_stairs_7
D:2:      layout_loops_ring, uniq_robin
D:3:      layout_loops_corners, uniq_ijyb, uniq_natasha, uniq_terence,
          uniq_jessica
D:4:      layout_gridville
D:5:      layout_basic, nicolae_ru_awakened_eye, minmay_stone_trees_medium
D:6:      layout_rooms
D:7:      layout_basic, minmay_temple_entry_drinking_statues, serial_shops, shop
D:8:      cheibrodos_frozen_isle, layout_loops_cross,
          nemelex_xobeh_ov_fountains_minmay, lemuel_doored_altar,
          enter_bailey_5, uniq_maurice, uniq_pikel
D:9:      layout_rooms, st_stairs_10, grunt_tough_drop
D:10:     minmay_inner_zag, layout_small_grid, nicolae_qazlal_style_of_elements,
          cheibrodos_ashenzari_chains, grunt_dithmenos_smoke, orc_david_3,
          uniq_sonja
D:11:     layout_rooms, grunt_lair_entry_orc_guard_hut,
          kennysheep_generic_room_12
D:12:     layout_layer_cave, minmay_nine_imps, uniq_kirke, uniq_urug,
          uniq_nergalle
D:13:     layout_basic, gammafunk_ghost_smash
D:14:     layout_loops_ring, david_vaults_5, grunt_decor_cap, chequers_garden,
          uniq_louise
D:15:     grunt_enter_depths_snipers, layout_rooms, chequers_serial_rivers_marsh
Temple:   regret_index_temple_sphere_string
Orc:1:    layout_caves, basic_altar, nicolae_orc_rockfall
Orc:2:    grunt_orc_tribal_feast, layout_caves, mines1_david

Skill      XL: |  1  2  3  4  5  6  7  8  9 10 11 12 13 14 |
---------------+-------------------------------------------+-----
Maces & Flails | 3 4 |  4.1
Fighting       | 3 4 5 6 7 8 9 10 | 10.9
Polearms       | 1 2 3 4 6 7 8 9 10 11 | 11.3
Dodging        | 3 4 5 6 7 8 9 10 | 10.0
Stealth        | 2 3 4 5 |  5.1
Shields        | 1 3 4 6 8 10 | 10.5
Throwing       | 1 2 |  2.5
Slings         | 1 |  1.8

Action                   |  1- 3 |  4- 6 |  7- 9 | 10-12 | 13-15 || total
-------------------------+-------+-------+-------+-------+-------++-------
Melee: Mace              |    73 |       |       |       |       ||    73
       Punch             |     3 |     3 |       |       |       ||     6
       Spear             |    27 |   144 |   225 |   755 |   329 ||  1480
 Fire: Hunting sling     |       |       |       |    55 |       ||    55
Throw: Stone             |       |     2 |    12 |    13 |       ||    27
Invok: Ancestor Life: Ba |       |       |     1 |       |       ||     1
  Use: Scroll            |       |     5 |     5 |     8 |    10 ||    28
       Potion            |       |       |       |     6 |     2 ||     8
 Stab: Sleeping          |     4 |     3 |     4 |     2 |     4 ||    17
       Distracted        |       |       |       |    12 |     6 ||    18
Armor: Robe              |    36 |    35 |       |       |       ||    71
       Animal skin       |       |    24 |    10 |       |       ||    34
       Steam dragon scal |       |       |    56 |   147 |    53 ||   256
Dodge: Dodged            |    43 |    87 |   104 |   287 |   142 ||   663
Block: Kite shield       |       |       |   100 |     2 |   180 ||   282
       Tower shield      |       |       |       |   694 |    15 ||   709
